 Dungeon Crawl Stone Soup version 0.19-a0-981-gaae9137 (webtiles) character file.

22568 Zoufi the Covert (level 12, -10/92 HPs)
             Began as a Vampire Enchanter on July 14, 2016.
             Was a High Priest of Vehumet.
             Mangled by a hill giant
             ... wielding a +0 giant spiked club
              (19 damage)
             ... on level 14 of the Dungeon.
             The game lasted 02:37:26 (21708 turns).

Zoufi the Covert (Vampire Enchanter)               Turns: 21708, Time: 02:37:26

Health: -10/92     AC: 14    Str:  7    XL:     12   Next: 64%
Magic:  24/24      EV: 11    Int: 32    God:    Vehumet [*****.]
Gold:   697        SH:  0    Dex: 11    Spells: 4 memorised, 14 levels left

rFire  + . .     SeeInvis +     z - +1 short sword (protect)
rCold  + + .     Gourm    .     L - +1 robe {rC+ rF+}
rNeg   + + .     Faith    .     (no shield)
rPois  +         Spirit   .     x - +2 helmet "Zeorolin" {Int+6 Dex-3}
rElec  .         Dismiss  .     D - +1 cloak
rCorr  .         Reflect  .     V - +0 pair of gloves
SustAt .         Harm     .     (no boots)
MR     +....                    (no amulet)
Stlth  ++++++....               r - +5 ring of evasion
                                y - +3 ring of intelligence

@: about to teleport, held, regenerating slowly, somewhat resistant to hostile
enchantments, very stealthy
A: fangs 3, see invisible, unbreathing
a: Bat Form, Renounce Religion


You were on level 14 of the Dungeon.
You worshipped Vehumet.
Vehumet was extremely pleased with you.
You were very thirsty.

You visited 3 branches of the dungeon, and saw 16 of its levels.
You also visited: Sewer.

You collected 841 gold pieces.
You spent 144 gold pieces at shops.

Inventory:

Hand Weapons
 z - a +1 short sword of protection (weapon)
Armour
 v - a +2 robe of fire resistance
 x - the +2 helmet "Zeorolin" (worn) {Int+6 Dex-3}
   (You found it on level 14 of the Dungeon)

   It affects your intelligence (+6).
   It affects your dexterity (-3).
 D - a +1 cloak (worn)
 J - a +2 robe of cold resistance
 L - a +1 robe of resistance (worn)
 V - a +0 pair of gloves (worn)
Jewellery
 j - an uncursed amulet of inaccuracy
 m - an uncursed ring of resist corrosion
 r - a +5 ring of evasion (right hand)
 y - a +3 ring of intelligence (left hand)
 N - an uncursed ring of magical power
 P - the amulet "Awush" {*Corrode *Drain +Rage Dex+8 Slay+6}
   (You found it on level 12 of the Dungeon)

   [amulet of rage]

   It affects your dexterity (+8).
   It affects your accuracy and damage with ranged weapons and melee attacks
   (+6).
   It lets you go berserk.
   It may corrode you when you take damage.
   It causes draining when unequipped.
 U - an uncursed ring of protection from magic
 X - a +4 ring of strength
 Z - a +3 ring of evasion
Wands
 a - a wand of iceblast (11/15)
 n - a wand of slowing (26/48)
 t - a wand of flame (44/48)
 A - a wand of confusion (20/48)
 B - a wand of flame (20/48)
 C - a wand of digging (24/24)
 G - a wand of iceblast (9/15)
 M - a wand of iceblast (8/15)
 R - a wand of lightning (5/15)
Scrolls
 h - 5 scrolls of amnesia
 i - 4 scrolls of remove curse
 q - 3 scrolls of teleportation
 u - a scroll of enchant armour
 H - 3 scrolls of fear
 K - a scroll of enchant weapon
 Q - a scroll of recharging
 S - 3 scrolls of magic mapping
 T - a scroll of acquirement
 Y - a scroll of identify
Potions
 d - 17 potions of blood {10}
 e - 5 potions of brilliance
 f - 6 potions of curing
 g - 2 potions of haste
 l - 3 potions of invisibility
 o - 2 potions of heal wounds
 p - 3 potions of flight
 s - 3 potions of berserk rage
 w - a potion of cure mutation
 E - 2 potions of magic
 I - a potion of resistance
 O - a potion of might
 W - a potion of agility
Books
 b - a book of Unlife

   Spells                             Type                      Level
   a - Recall                         Summoning/Translocation      3
   b - Animate Dead                   Necromancy                   4
   c - Control Undead                 Necromancy                   4
   d - Cigotuvi's Embrace             Necromancy                   5
   e - Death Channel                  Necromancy                   6
   f - Simulacrum                     Ice/Necromancy               6
 c - a book of Maledictions

   Spells                             Type                      Level
   a - Corona                         Hexes                        1
   b - Ensorcelled Hibernation        Hexes/Ice                    2
   c - Confuse                        Hexes                        3
   d - Tukima's Dance                 Hexes                        3
   e - Dazzling Spray                 Conjuration/Hexes            3
 k - a book of Enchantments

   Spells                             Type                      Level
   a - Cause Fear                     Hexes                        4
   b - Yara's Violent Unravelling     Hexes/Transmutation          5
   c - Silence                        Hexes/Air                    5
   d - Deflect Missiles               Charms/Air                   6
   e - Haste                          Charms                       6
   f - Discord                        Hexes                        8
 F - a book of Cantrips

   Spells                             Type                      Level
   a - Confusing Touch                Hexes                        1
   b - Animate Skeleton               Necromancy                   1
   c - Summon Small Mammal            Summoning                    1
   d - Apportation                    Translocation                1


   Skills:
 + Level 7.8 Fighting
 + Level 10.0 Short Blades
 + Level 10.0 Dodging
 + Level 13.8 Stealth
 + Level 8.8 Spellcasting
 - Level 7.0 Hexes
 + Level 5.4 Charms
 + Level 4.8 Air Magic


You had 14 spell levels left.
You knew the following spells:

 Your Spells              Type           Power        Failure   Level  Hunger
a - Deflect Missiles      Chrm/Air       #####.....   75%         6    #####..
b - Ensorcelled Hibernat  Hex/Ice        #####.       1%          2    None
c - Confuse               Hex            ######..     1%          3    None
d - Tukima's Dance        Hex            ######..     1%          3    None


Dungeon Overview and Level Annotations

Branches:
Dungeon (14/15)            Temple (1/1) D:6            Lair (1/6) D:10
    Orc (0/2) D:9
 Vaults: D:13-14

Altars:
Ashenzari
Cheibriados
Dithmenos
Elyvilon
Fedhas
Gozag
Hepliaklqana
Kikubaaqudgha
Makhleb
Nemelex Xobeh
Okawaru
Pakellas
Qazlal
Ru
Sif Muna
Trog
Uskayaw
Vehumet
Xom
Yredelemnul
Zin
The Shining One

Shops:
D:6 ?   D:13 [   D:14 *

Annotations:
D:11 Fannar
D:14 exclusions: 2 fire elementals, hell hound and wight, 4thArraOfDagon's ghost, journeyman TrEE; Azrael
Lair:1 Fabri's ghost, journeyman VSGl


Innate Abilities, Weirdness & Mutations

You heal slowly.
You have razor-sharp teeth.
You have supernaturally acute eyesight. (SInv)
You can survive without breathing.


Message History

Some of your 20 potions of blood {10} rot away.
You hit the enchanted long sword but do no damage.
The enchanted long sword is moderately damaged.
A hill giant comes into view. It is wielding a giant spiked club.
You miss the enchanted long sword.
The enchanted long sword is moderately damaged.
The enchanted long sword hits you.
The hill giant throws a throwing net.
The throwing net hits you.
You become entangled in the net!
You struggle against the net.
The enchanted long sword hits you!!
There's nothing here to drain!
As you read the scroll of teleportation, it crumbles to dust.
You feel strangely unstable. The enchanted long sword hits you!
The enchanted long sword hits you.
* * * LOW HITPOINT WARNING * * *
You struggle against the net.
The enchanted long sword hits you but does no damage.
You struggle against the net.
The enchanted long sword hits you!!
* * * LOW HITPOINT WARNING * * *
The hill giant hits you with a giant spiked club!!
You die...

#. #. # #. #.
#### .##
.##.##... ..#####
........(##.#...#
........#C....#
.....h..##@(#....
.......#(#.##.#..
..#
#...(##.##.#.##
#..#
##..###.##...[#
#..# #...#
#.##.#..# #..#
##..# #.##.#..#
#..# ...#
#.##.#..# #..#
....#
#(##.#..#####..#
.....#
#.##...........#


You could see a hill giant and 2 dancing weapons.

Vanquished Creatures
  Erica (D:10)
  2 unseen horrors
  Pikel (D:6)
  9 ugly things
  2 cyclopes
  A deep elf mage (D:14)
  Maurice (D:8)
  A guardian serpent (shapeshifter) (D:9)
  Psyche (D:11)
  A gargoyle (D:12)
  3 komodo dragons
  A spiny frog (Lair:1)
  A kobold demonologist (D:12)
  A queen bee (D:8)
  A troll (D:12)
  3 slime creatures
  A meliai zombie (D:10)
  Sigmund (D:2)
  A shadow (D:12)
  3 wraiths
  Grum (D:8)
  5 yaks (D:8)
  4 hungry ghosts
  A steam dragon (D:11)
  2 vampire mosquitoes (D:14)
  A hippogriff (D:10)
  A mottled dragon (D:13)
  A soldier ant (shapeshifter) (D:13)
  Duvessa (D:5)
  A water moccasin (D:13)
  A porcupine (Lair:1)
  5 sky beasts
  A black bear (D:12)
  2 wasps (D:11)
  2 slaves (D:6)
  9 orc warriors
  2 ice beasts
  4 phantoms
  4 ogres
  6 centaurs
  4 wolves
  A crocodile (Lair:1)
  7 big kobolds
  6 giant frogs
  A wyvern zombie (D:12)
  2 wyvern skeletons
  3 scorpions
  Dowan (D:5)
  17 killer bees
  14 wights
  10 howler monkeys
  4 crimson imps
  3 quasits
  8 hounds
  2 centaur zombies
  4 giant frog skeletons
  3 jellies
  6 orc priests
  28 orc wizards
  Crazy Yiuf (D:2)
  3 iguanas
  9 worker ants
  A hound zombie (D:6)
  A hound skeleton (D:5)
  2 worker ant zombies
  7 gnolls
  18 adders
  2 shadow imps
  An ooze (D:3)
  An adder zombie (D:7)
  An adder skeleton (D:7)
  2 dart slugs
  2 worms (D:3)
  5 giant geckos
  47 orcs
  4 ball pythons (Sewer)
  8 giant cockroaches
  7 goblins
  6 hobgoblins
  23 jackals
  4 quokkas
  7 bats
  8 giant newts
  A jackal skeleton (D:4)
  A jackal zombie (D:7)
  36 kobolds
  19 rats
  A plant (D:10)
442 creatures vanquished.

Vanquished Creatures (collateral kills)
  An ogre (D:8)
  5 wights
  An orc priest (D:10)
  3 orcs
  A kobold (D:10)
11 creatures vanquished.

Vanquished Creatures (others)
  2 dancing weapons
  2 slaves (D:6)
  A sky beast (D:14)
  A wight (D:6)
  A lightning spire (D:8)
  A gnoll (D:6)
  A hobgoblin (D:1)
  3 bushes (D:8)
12 creatures vanquished.

Grand Total: 465 creatures vanquished

Notes
Turn   | Place    | Note
-------+----------+-------------------------------------------
     0 | D:1      | Zoufi the Vampire Enchanter began the quest for the Orb.
     0 | D:1      | Reached XP level 1. HP: 13/13 MP: 3/3
   671 | D:1      | Reached XP level 2. HP: 13/20 MP: 3/5
   675 | D:1      | Learned a level 2 spell: Ensorcelled Hibernation
  1040 | D:1      | Reached skill level 1 in Fighting
  1651 | D:2      | Reached XP level 3. HP: 26/26 MP: 6/6
  1695 | D:2      | Noticed Sigmund
  1738 | D:2      | Found a runed door.
  1811 | D:2      | Found a sparkling altar of Nemelex Xobeh.
  2265 | D:2      | Killed Sigmund
  2265 | D:2      | Reached skill level 5 in Stealth
  2265 | D:2      | Reached skill level 5 in Hexes
  2265 | D:2      | Reached XP level 4. HP: 33/33 MP: 2/8
  2265 | D:2      | Reached XP level 5. HP: 38/38 MP: 2/9
  2710 | D:3      | Learned a level 3 spell: Confuse
  2807 | D:3      | Found a radiant altar of Vehumet.
  2921 | D:3      | Became a worshipper of Vehumet
  2953 | D:3      | Learned a level 3 spell: Tukima's Dance
  4314 | D:4      | Found a glowing silver altar of Zin.
  4321 | D:4      | Reached XP level 6. HP: 37/44 MP: 3/10
  4405 | D:4      | Found a burning altar of Makhleb.
  4662 | D:4      | Found a sacrificial altar of Ru.
  4691 | D:4      | Found a glowing golden altar of the Shining One.
  4856 | D:4      | Reached * piety under Vehumet
  4856 | D:4      | Offered knowledge of Flame Tongue by Vehumet.
  4881 | D:4      | Reached skill level 6 in Stealth
  5492 | D:4      | Found a snail-covered altar of Cheibriados.
  5823 | D:5      | Entered Level 5 of the Dungeon
  5863 | D:5      | Reached XP level 7. HP: 49/50 MP: 2/12
  5955 | D:5      | Found a radiant altar of Vehumet.
  6329 | D:5      | Found a hide-covered altar of Uskayaw.
  6410 | D:5      | Noticed Dowan
  6414 | D:5      | Noticed Duvessa
  6417 | D:5      | Killed Dowan
  6417 | D:5      | Reached skill level 7 in Stealth
  6448 | D:5      | Killed Duvessa
  6448 | D:5      | Reached XP level 8. HP: 46/58 MP: 14/14
  6476 | D:5      | Found a glowing drain.
  6494 | Sewer    | Entered a sewer
  6895 | Sewer    | Reached ** piety under Vehumet
  7069 | Sewer    | Offered knowledge of Shock by Vehumet.
  7582 | D:6      | Reached skill level 5 in Dodging
  7612 | D:6      | Noticed Pikel
  7863 | D:6      | Killed Pikel
  7863 | D:6      | Reached skill level 5 in Short Blades
  7863 | D:6      | Reached skill level 8 in Stealth
  7863 | D:6      | Reached skill level 5 in Spellcasting
  8174 | D:6      | Reached XP level 9. HP: 65/65 MP: 9/16
  8543 | D:5      | Reached skill level 9 in Stealth
  8706 | D:6      | Found a shadowy altar of Dithmenos.
  8841 | D:6      | Found Sinuduh's Magic Scroll Emporium.
  8844 | D:6      | Found a staircase to the Ecumenical Temple.
  8995 | Temple   | Entered the Ecumenical Temple
  9705 | D:7      | Offered knowledge of Stone Arrow by Vehumet.
 10595 | D:7      | Reached *** piety under Vehumet
 11026 | D:7      | Reached skill level 10 in Stealth
 11298 | D:8      | Reached skill level 5 in Fighting
 11409 | D:8      | Found an oddly glowing altar of Pakellas.
 11410 | D:8      | Noticed a gargoyle
 11465 | D:8      | Reached XP level 10. HP: 74/74 MP: 15/19
 11472 | D:8      | Offered knowledge of Throw Icicle by Vehumet.
 11824 | D:8      | Noticed Grum
 12277 | D:8      | Found a blossoming altar of Fedhas.
 12287 | D:8      | Noticed Maurice
 12309 | D:8      | Killed Maurice
 12309 | D:8      | Reached skill level 11 in Stealth
 12758 | D:9      | Found a staircase to the Orcish Mines.
 12787 | D:9      | Found a shattered altar of Ashenzari.
 13300 | D:9      | Found a runed door.
 13311 | D:9      | Noticed a guardian serpent
 13317 | D:9      | Killed a guardian serpent
 13492 | D:9      | Reached **** piety under Vehumet
 13512 | D:9      | Learned a level 6 spell: Deflect Missiles
 13866 | D:8      | Killed Grum
 13938 | D:7      | Reached skill level 12 in Stealth
 14127 | D:2      | Noticed Crazy Yiuf
 14131 | D:2      | Killed Crazy Yiuf
 14305 | D:7      | Reached XP level 11. HP: 81/81 MP: 22/22
 14381 | D:10     | Entered Level 10 of the Dungeon
 14541 | D:10     | Reached skill level 1 in Charms
 14555 | D:10     | Offered knowledge of Conjure Flame by Vehumet.
 14849 | D:10     | Reached skill level 1 in Air Magic
 14870 | D:10     | Reached ***** piety under Vehumet
 14879 | D:10     | Offered knowledge of Sticky Flame by Vehumet.
 15135 | D:10     | Noticed Erica
 15151 | D:10     | Killed Erica
 15776 | D:10     | Found a staircase to the Lair.
 16048 | Lair:1   | Entered Level 1 of the Lair of Beasts
 16077 | Lair:1   | Noticed Fabri's ghost (journeyman VSGl)
 16150 | D:11     | Noticed Fannar
 16356 | D:11     | Noticed Psyche
 16359 | D:11     | Killed Psyche
 16588 | D:11     | Found an iron altar of Okawaru.
 16878 | D:11     | Noticed a green ugly thing
 16887 | D:11     | Killed a green ugly thing
 17928 | D:12     | Got a glittering golden amulet
 17929 | D:12     | Identified the amulet "Awush" {*Corrode *Drain +Rage Dex+8 Slay+6} (You found it on level 12 of the Dungeon)
 19141 | D:13     | Reached skill level 13 in Stealth
 19141 | D:13     | Reached XP level 12. HP: 90/91 MP: 24/24
 19538 | D:13     | Found Ohej's Antique Armour Emporium.
 19544 | D:13     | Bought a pair of gloves for 144 gold pieces
 19568 | D:13     | Identified a scroll of acquirement
 20278 | D:14     | Noticed Azrael
 20279 | D:14     | Noticed 4thArraOfDagon's ghost (journeyman TrEE)
 20326 | D:14     | Found an opulent altar of Gozag.
 20329 | D:14     | Found Gozag's Platinum Reserve.
 20395 | D:14     | Got a fine helmet
 20402 | D:14     | Identified the +2 helmet "Zeorolin" {Int+6 Dex-3} (You found it on level 14 of the Dungeon)
 21279 | D:14     | Offered knowledge of Bolt of Fire by Vehumet.
 21389 | D:14     | Reached skill level 5 in Charms
 21672 | D:14     | Reached skill level 10 in Short Blades
 21672 | D:14     | Reached skill level 10 in Dodging
 21708 | D:14     | Mangled by a hill giant

Vault maps used:
D:1:      shiori_arrival_oz, st_stairs_14, minmay_rat_gold_closets
D:2:      lemuel_crystal_altar, first_bread, uniq_sigmund,
          uniq_crazy_yiuf_cottage
D:3:      vehumet_crystals, solitary_fountain, item_on_display_b
D:4:      kennysheep_little_box, lemuel_crystal_altar, kennysheep_mini_moat,
          kennysheep_slug_shrine, tso_metal_star
D:5:      lemuel_doored_altar, gup_sewer_entry_glass, minmay_misc_feat_pillars,
          vehumet_altar_wand_db, uniq_duvessa
D:6:      nicolae_dithmenos_the_darkroom, serial_shops, shop, uniq_pikel
D:7:      minmay_a_box_with_orc_wizards_in_it
D:8:      lemuel_crystal_altar, gammafunk_pakellas_spire_experiment,
          david_nohive_1, lightli_corner_chamber, uniq_grum, uniq_maurice
D:9:      old_standard_altar, orc_0_dummy, wad_hexagon
D:10:     david_lair_shrubbed, uniq_erica
D:11:     okawaru_ov_weapons_minmay, uniq_psyche, uniq_fannar
D:13:     serial_shops, nicolae_shop_crystal
D:14:     erik_vaults_1, nicolae_gozag_zags_fifth_avenue, uniq_azrael
Temple:   minmay_temple_curvy_loop
Lair:1:   lemuel_fruit_tree, serial_bayou_shore_a
Sewer:    sewer_co_scattered_pipes

Skill      XL: |  1  2  3  4  5  6  7  8  9 10 11 12 |
---------------+-------------------------------------+-----
Fighting       | 1 2 3 4 5 6 7 |  7.8
Short Blades   | 2 3 4 5 6 8 9 10 | 10.0
Dodging        | 3 4 5 7 8 9 10 | 10.0
Stealth        | 5 6 7 8 10 12 13 | 13.8
Hexes          | 5 6 7 |  7.0
Spellcasting   | 3 4 5 6 7 8 |  8.8
Charms         | 3 5 |  5.4
Air Magic      | 3 4 |  4.8

Action                   |  1- 3 |  4- 6 |  7- 9 | 10-12 || total
-------------------------+-------+-------+-------+-------++-------
Melee: Dagger            |   102 |   152 |   264 |    30 ||   548
       Bite              |     6 |    10 |    26 |    47 ||    89
       Unarmed           |       |     1 |       |       ||     1
       Short sword       |       |       |       |   731 ||   731
 Cast: Corona            |     8 |       |       |       ||     8
       Ensorcelled Hiber |    13 |    61 |   124 |   245 ||   443
       Tukima's Dance    |       |     6 |     6 |    15 ||    27
       Confuse           |       |     4 |    40 |    74 ||   118
 Abil: End Transformatio |       |     1 |     4 |     3 ||     8
       Bat Form          |       |     1 |     4 |     3 ||     8
  Use: Scroll            |       |     5 |    17 |    11 ||    33
       Potion            |       |     2 |     5 |     4 ||    11
 Stab: Sleeping          |    27 |    45 |    77 |   165 ||   314
       Distracted        |       |     2 |       |     3 ||     5
       Confused          |       |     2 |    25 |    43 ||    70
Armor: Robe              |    39 |    39 |    26 |   162 ||   266
Dodge: Dodged            |    80 |   111 |   195 |   808 ||  1194
